 Dungeon Crawl Stone Soup version 0.31.0-9-g3a7656b989 (webtiles) character file.

Game seed: 17916371397506911902

1672 qw the Skirmisher (level 8, 0/46 HPs)
             Began as a Deep Elf Hunter on Feb 2, 2024.
             Slain by a gnoll
             ... wielding a +0 spear of venom
             ... led by a gnoll sergeant
              (5 damage)
             ... on level 6 of the Dungeon.
             The game lasted 00:00:22 (4422 turns).

qw the Skirmisher (Deep Elf Hunter)                 Turns: 4422, Time: 00:00:23

Health: 0/46       AC:  9    Str: 10    XL:     8   Next: 70%
Magic:  10/10      EV: 12    Int: 15    God:
Gold:   214        SH:  0    Dex: 18    Spells: 7/7 levels left

rFire   + . .        a - +2 shortbow
rCold   . . .        (shield currently unavailable)
rNeg    + . .        h - +2 ring mail {rF+}
rPois   .            b - +0 helmet
rElec   .            (no cloak)
rCorr   .            (no gloves)
SInv    .            f - +0 pair of boots
Will    .....        (no amulet)
Stlth   +            n - ring of positive energy
HPRegen 0.27/turn    (no ring)
MPRegen 0.12/turn

%: no passive effects
@: lethally poisoned (0 -> -21), about to teleport
A: no striking features
a: no special abilities


You were on level 6 of the Dungeon.
You visited 2 branches of the dungeon, and saw 7 of its levels.
You also visited: Ossuary.

You collected 214 gold pieces.


   Skills:
 - Level 3.0 Fighting
 - Level 14.0 Ranged Weapons
 - Level 1.0 Armour
 + Level 4.0 Dodging
 - Level 1.2 Stealth


You had 7 spell levels left.
You didn't know any spells.
Your spell library was empty.

Inventory:

Hand Weapons
 a - a +2 shortbow (weapon)
Armour
 b - a +0 helmet (worn)
 f - a +0 pair of boots (worn)
 h - a +2 ring mail of fire resistance (worn)
Jewellery
 n - a ring of positive energy (left hand)
Scrolls
 e - 7 scrolls of teleportation
 g - a scroll of brand weapon {unknown}
Potions
 c - 3 potions of heal wounds
 d - 5 potions of curing
 i - a potion of enlightenment
 m - a potion of mutation {unknown}

Dungeon Overview and Level Annotations

Branches:
Dungeon (6/15)             Temple (1/1) D:4         Ossuary (visited)

Altars:
Cheibriados
Dithmenos
Elyvilon
Fedhas
Gozag
Hepliaklqana
Kikubaaqudgha
Nemelex Xobeh
Qazlal
Trog
Uskayaw
Vehumet
Xom
Yredelemnul

Shops:
D:1 :


Message History

The gnoll sergeant hits you but does no damage.
You shoot an arrow. The arrow hits the gnoll sergeant.
The gnoll sergeant is almost dead.
A gnoll comes into view. It is wielding a +0 spear of venom.
You shoot an arrow.
The arrow hits the gnoll sergeant but does no damage.
The gnoll sergeant is almost dead.
The gnoll sergeant hits you from afar with a +0 spear.
You shoot an arrow. The arrow hits the gnoll sergeant!
You kill the gnoll sergeant!
The gnoll hits you with a +0 hand axe.
Your Ranged Weapons skill increases to level 14!
You shoot an arrow. The arrow closely misses the gnoll.
The arrow hits the gnoll.
The gnoll is lightly wounded.
The gnoll hits you from afar with a +0 spear of venom.
You are poisoned.
You shoot an arrow. The arrow hits the gnoll.
The gnoll is heavily wounded.
You feel sick.
The gnoll is no longer moving quickly.
The gnoll hits you with a +0 hand axe.
The gnoll hits you from afar with a +0 spear of venom.
You are lethally poisoned!
You shoot an arrow.
The arrow hits the gnoll but does no damage.
The gnoll is heavily wounded.
You feel very sick. The gnoll barely misses you.
You shoot an arrow. The arrow hits the gnoll bouda.
The gnoll bouda is moderately wounded.
You feel very sick.
The gnoll hits you from afar with a +0 spear of venom.
You are more poisoned.
4422 ||| READING 8 scrolls of teleportation.
As you read the scroll of teleportation, it crumbles to dust.
You feel strangely unstable.
You feel very sick. The gnoll bouda misses you.
The gnoll hits you from afar with a +0 spear of venom.
You die... #..# #.?# #..# #.# #.. ##... ... #... #######.# #..# hg.g).gg#

#..# #g# #..#
#@###..######
#........<...
#####..#####.
#..# #..#
#..#
#..#####.
#........
#.######.


You could see a gnoll bouda and 2 gnolls.

Vanquished Creatures
  Sigmund (D:5)
  Menkaure (D:5)
  A black bear (D:6)
  An ogre (D:6)
  A phantom (D:5)
  A gnoll sergeant (D:6)
  8 scorpions
  2 centaur zombies (Ossuary)
  4 human zombies (Ossuary)
  A hound (D:4)
  A jelly (D:5)
  2 iguanas
  4 scorpion zombies (Ossuary)
  4 mummies
  6 adders
  2 gnolls (D:6)
  A dart slug (D:3)
  12 orcs
  8 ball pythons
  6 bats
  7 endoplasms
  3 giant cockroaches
  4 gnoll zombies (Ossuary)
  4 goblins
  7 hobgoblins
  2 jackals (D:4)
  8 kobolds
  2 quokkas (D:4)
  5 ball python zombies (Ossuary)
  9 frilled lizards
  A jackal zombie (Ossuary)
  2 orc zombies (Ossuary)
  2 rats
123 creatures vanquished.

Notes
Turn   | Place    | Note
-------+----------+-------------------------------------------
     0 | D:1      | qw the Deep Elf Hunter began the quest for the Orb.
     0 | D:1      | Reached XP level 1. HP: 12/12 MP: 3/3
     0 | D:1      | 0 ||| qw: Version: 0.3-a-155-g5e7d8dd
     0 | D:1      | 0 ||| qw: Game counter: 1377
     0 | D:1      | 0 ||| qw: Melee chars always use a shield: true
     0 | D:1      | 0 ||| qw: God list: Okawaru
     0 | D:1      | 0 ||| qw: Allow faded altars: false
     0 | D:1      | 0 ||| qw: Do Orc after clearing Dungeon:15 true
     0 | D:1      | 0 ||| qw: Do second Lair branch before Depths: true
     0 | D:1      | 0 ||| qw: Lair rune preference: random
     0 | D:1      | 0 ||| qw: Goals: Normal
     0 | D:1      | 0 ||| PLANNING D:1-11
   157 | D:1      | Reached XP level 2. HP: 16/16 MP: 4/4
   159 | D:1      | Reached skill level 6 in Ranged Weapons
   283 | D:1      | Found Ytuyq's Book Shop.
   647 | D:1      | 647 ||| UPGRADING to +0 pair of boots.
   652 | D:1      | 652 ||| READING scroll labelled GOGEV XYIGGADA.
   653 | D:1      | 653 ||| READING 2 scrolls labelled ONU NIOCSUYNG.
   653 | D:1      | 653 ||| IDENTIFYING clear potion
   654 | D:1      | 654 ||| READING scroll of identify.
   654 | D:1      | 654 ||| IDENTIFYING scroll labelled YRAIQA PEASKE
   655 | D:1      | 655 ||| READING scroll of enchant weapon.
   655 | D:1      | 655 ||| ENCHANTING +0 shortbow.
   656 | D:1      | 656 ||| READING scroll labelled XOJAMUL TELEI.
   657 | D:1      | 657 ||| READING scroll labelled CESEDO YLLIN.
   658 | D:1      | 658 ||| READING scroll labelled KOAKKO MUTILAROKO.
   759 | D:1      | 759 ||| DROPPING scroll of butterflies.
   811 | D:2      | Reached XP level 3. HP: 20/20 MP: 5/5
   891 | D:2      | 891 ||| READING scroll of enchant weapon.
   891 | D:2      | 891 ||| ENCHANTING +1 shortbow.
   973 | D:2      | Found a faded altar of an unknown god.
  1096 | D:2      | Reached skill level 7 in Ranged Weapons
  1208 | D:2      | 1208 ||| UPGRADING to +0 helmet.
  1213 | D:2      | 1213 ||| UPGRADING to +2 scale mail of fire resistance.
  1223 | D:2      | 1223 ||| DROPPING +0 leather armour.
  1224 | D:2      | 1224 ||| READING 2 scrolls of identify.
  1224 | D:2      | 1224 ||| IDENTIFYING ruby potion
  1225 | D:2      | 1225 ||| READING scroll of identify.
  1225 | D:2      | 1225 ||| IDENTIFYING 2 scrolls labelled SAONIAT SAQIA
  1318 | D:3      | Reached XP level 4. HP: 25/25 MP: 6/6
  1682 | D:3      | Found a snail-covered altar of Cheibriados.
  1792 | D:3      | Reached skill level 8 in Ranged Weapons
  1843 | D:4      | 1843 ||| PLANNING OSSUARY
  1846 | D:4      | Found a staircase to the Ecumenical Temple.
  1887 | D:4      | Reached skill level 1 in Armour
  2029 | D:4      | Found a sand-covered staircase.
  2031 | D:4      | 2031 ||| UPGRADING to +2 ring mail of fire resistance.
  2050 | D:4      | Reached XP level 5. HP: 19/29 MP: 7/7
  2092 | D:4      | 2092 ||| DROPPING +2 scale mail of fire resistance.
  2099 | Ossuary  | Entered an ossuary
  2146 | Ossuary  | Reached skill level 9 in Ranged Weapons
  2184 | Ossuary  | Reached XP level 6. HP: 31/35 MP: 8/8
  2311 | Ossuary  | Reached skill level 10 in Ranged Weapons
  2339 | Ossuary  | Reached skill level 3 in Dodging
  2402 | Ossuary  | Reached XP level 7. HP: 38/40 MP: 9/9
  2563 | Ossuary  | Reached skill level 11 in Ranged Weapons
  2651 | Ossuary  | 2651 ||| DRINKING 3 green potions.
  2744 | Ossuary  | 2744 ||| READING scroll labelled USTAGE MIET.
  2745 | Ossuary  | 2745 ||| READING scroll labelled FOTINOL GOLL.
  2746 | Ossuary  | 2746 ||| DRINKING 2 yellow potions.
  2747 | Ossuary  | 2747 ||| DROPPING potion of attraction.
  2748 | Ossuary  | 2748 ||| Stepping randomly (stuck).
  2749 | Ossuary  | 2749 ||| Stepping ~*~*~tactically~*~*~ (cloud).
  2866 | D:4      | 2866 ||| PLANNING TEMPLE
  2886 | Temple   | Entered the Ecumenical Temple
  2887 | Temple   | 2887 ||| PLANNING D:1-11
  2979 | D:4      | Found an ancient bone altar of Kikubaaqudgha.
  2983 | D:4      | Reached skill level 12 in Ranged Weapons
  3237 | D:5      | Entered Level 5 of the Dungeon
  3275 | D:5      | Reached skill level 3 in Fighting
  3285 | D:5      | Reached XP level 8. HP: 31/46 MP: 10/10
  3594 | D:5      | Noticed Menkaure
  3603 | D:5      | Killed Menkaure
  4026 | D:5      | Noticed Sigmund
  4048 | D:5      | Killed Sigmund
  4049 | D:5      | Reached skill level 13 in Ranged Weapons
  4144 | D:5      | 4144 ||| UPGRADING to ring of positive energy.
  4145 | D:5      | 4145 ||| READING scroll of identify.
  4145 | D:5      | 4145 ||| IDENTIFYING white potion
  4146 | D:5      | 4146 ||| READING scroll labelled HIDOUMUAPI.
  4147 | D:5      | 4147 ||| DRINKING 2 murky emerald potions.
  4148 | D:5      | 4148 ||| DROPPING potion of invisibility.
  4149 | D:5      | 4149 ||| DROPPING potion of brilliance.
  4409 | D:6      | 4409 ||| RETREEEEATING.
  4418 | D:6      | Reached skill level 14 in Ranged Weapons
  4421 | D:6      | HP: 11/46 [gnoll/+0 spear of venom[a gnoll sergeant] (1)]
  4422 | D:6      | 4422 ||| READING 8 scrolls of teleportation.
  4422 | D:6      | HP: 5/46 [poisoned by a gnoll]
  4422 | D:6      | Slain by a gnoll

Levels and vault maps discovered:
D:1:      dpeg_arrival_rooms_b, layout_loops_ring, serial_shops,
          nicolae_shop_peninsula
D:2:      layout_rooms, shapermc_ecumenical_altar_mp_highgroup
D:3:      layout_rooms, marbit_many_paths, serial_corexii_hall,
          chequers_hall_statues_corner_a, corexii_hall_statues_i,
          grunt_ministairs_11, minmay_distorted
D:4:      layout_rooms, lemuel_crystal_altar, minmay_temple_entry_statues,
          gup_ossuary_entry_pyramid
D:5:      layout_gridville, uniq_menkaure, uniq_sigmund
D:6:      layout_loops_ring
Temple:   nicolae_temple_hex_pool

Skill      XL: |  1  2  3  4  5  6  7  8 |
---------------+-------------------------+-----
Ranged Weapons | 6 7 8 9 10 12 14 | 14.0
Armour         | 1 |  1.0
Fighting       | 2 3 |  3.0
Dodging        | 3 4 |  4.0
Stealth        | |  1.2

Action                     |  1- 3 |  4- 6 |  7- 9 || total
---------------------------+-------+-------+-------++-------
   Fire: Shortbow          |    92 |   184 |   209 ||   485
    Use: Scroll            |    10 |       |     5 ||    15
         Potion            |       |       |     3 ||     3
 Armour: Leather armour    |     6 |       |       ||     6
         Scale mail        |    10 |    20 |       ||    30
         Ring mail         |       |    49 |    81 ||   130
         Skin              |       |     2 |       ||     2
  Dodge: Dodged            |    16 |    55 |    46 ||   117

Table legend:
 A = Non-vault XP
 B = Vault XP
 C = Vault XP percentage of total XP
 D = Non-vault monster count
 E = Vault monster count
 F = Vault count percentage of total count
                 A         B        C        D         E       F
            +---------+---------+-------+---------+---------+-------
      Total |     886 |    1503 |  62.9 |      79 |      44 |  35.8
            +---------+---------+-------+---------+---------+-------
        D:1 |      35 |       0 |   0.0 |      22 |       0 |   0.0
        D:2 |      39 |       0 |   0.0 |      14 |       0 |   0.0
        D:3 |      61 |      36 |  37.1 |      15 |       9 |  37.5
        D:4 |     108 |      18 |  14.3 |      17 |       1 |   5.6
        D:5 |     273 |     386 |  58.6 |       6 |       2 |  25.0
        D:6 |     370 |       0 |   0.0 |       5 |       0 |   0.0
    Ossuary |       0 |    1063 | 100.0 |       0 |      32 | 100.0
            +---------+---------+-------+---------+---------+-------
